General information
- name: grudge
- type: Custom game
- host: TIMG4strok
- saver: Mata.
map: EchoIsles
- players: 4
- length: 18:38
- speed: Fast
- version: 1.23 W3XP
- replay type:

» download(84 KB)
Players
team 1 (winner)
TIMG4strok (
gray | 153 APM | 2853 actions | 18:37)
4 Blademaster
2 Wind Walk
2 Critical Strike
5 Shadow Hunter
2 Hex
3 Healing Wave
» actions
| Assign group hotkey | 27 | |
| Basic commands | 70 | |
| Build / train | 66 | |
| ESC pressed | 2 | |
| Enter build submenu | 18 | |
| Enter hero's abilities submenu | 9 | |
| Give item / drop item | 3 | |
| Right click | 1338 | |
| Select / deselect | 222 | |
| Select group hotkey | 985 | |
| Use ability | 113 | |
2853 total
» units
| Peon | 8 | |
| Grunt | 6 | |
| Spirit Walker | 4 | |
| Raider | 5 | |
| Forest Troll Shadow Priest | 2 | |
| Kodo Beast | 2 | |
| Troll Headhunter/Berserker | 4 | |
| Forest Troll Berserker | 1 | |
32 total
» upgrades
| Berserker Strength | 1 | |
| Spirit Walker Training | 2 | |
| Ensnare | 1 | |
| Reinforced Defenses | 1 | |
| Melee Weapons | 1 | |
| Pillage | 1 | |
| War Drums Damage Increase | 1 | |
| Ranged Weapons | 1 | |
| Berserker Upgrade | 1 | |
10 total
» buildings
| Altar of Storms | 1 | |
| Orc Burrow | 11 | |
| Barracks | 1 | |
| Stronghold | 3 | |
| Voodoo Lounge | 1 | |
| Spirit Lodge | 1 | |
| Beastiary | 1 | |
| Fortress | 1 | |
| War Mill | 1 | |
21 total
» build order
00:04 Altar of Storms
00:26 Orc Burrow
00:29 Orc Burrow
00:38 Barracks
01:35 Orc Burrow
01:37 Orc Burrow
02:46 Stronghold
02:46 Stronghold
03:02 Voodoo Lounge
03:31 Orc Burrow
03:33 Orc Burrow
05:14 Spirit Lodge
05:50 Beastiary
06:04 Orc Burrow
07:33 Fortress
08:33 War Mill
09:51 Orc Burrow
13:22 Orc Burrow
15:00 Orc Burrow
15:51 Orc Burrow
» items
| Boots of Speed | 1 | |
| Circlet of Nobility | 2 | |
| Healing Salve | 2 | |
| Lesser Clarity Potion | 1 | |
| Claws of Attack +6 | 1 | |
| Orb of Lightning | 2 | |
9 total
team 2 (loser)
schmitty9800 (
red | 136 APM | 2534 actions | 18:37)
3 Archmage
2 Summon Water Elemental
1 Brilliance Aura
2 Mountain King
1 Storm Bolt
1 Bash
» actions
| Assign group hotkey | 70 | |
| Basic commands | 62 | |
| Build / train | 78 | |
| ESC pressed | 11 | |
| Enter build submenu | 24 | |
| Enter hero's abilities submenu | 5 | |
| Give item / drop item | 5 | |
| Right click | 1009 | |
| Select / deselect | 401 | |
| Select group hotkey | 781 | |
| Use ability | 88 | |
2534 total
» units
| Peasant | 19 | |
| Footman | 4 | |
| Rifleman | 13 | |
| Sorceress | 3 | |
| Priest | 4 | |
| Spell Breaker | 3 | |
46 total
» upgrades
| Long Rifles | 1 | |
| Sorceress Training | 1 | |
| Masonry | 2 | |
| Gunpowder | 1 | |
| Priest Training | 1 | |
| Magic Sentry | 1 | |
7 total
» buildings
| Farm | 10 | |
| Altar of Kings | 1 | |
| Barracks | 1 | |
| Scout Tower | 2 | |
| Arcane Tower | 2 | |
| Keep | 1 | |
| Blacksmith | 1 | |
| Arcane Vault | 2 | |
| Lumber Mill | 1 | |
| Arcane Sanctum | 2 | |
| Guard Tower | 3 | |
| Town Hall | 1 | |
27 total
» build order
00:06 Farm
00:07 Altar of Kings
00:26 Barracks
00:58 Farm
01:32 Scout Tower
02:03 Arcane Tower
02:25 Farm
03:17 Keep
03:22 Blacksmith
03:45 Arcane Vault
03:56 Farm
05:25 Lumber Mill
06:03 Farm
06:21 Arcane Sanctum
07:06 Farm
07:56 Arcane Vault
07:59 Scout Tower
08:14 Farm
08:28 Guard Tower
10:08 Farm
10:32 Farm
13:57 Farm
15:16 Guard Tower
15:18 Arcane Tower
15:20 Guard Tower
15:45 Town Hall
17:33 Arcane Sanctum
» items
| Dust of Appearance | 1 | |
| Staff of Teleportation | 1 | |
| Boots of Speed | 1 | |
| Scroll of Regeneration | 2 | |
| Potion of Healing | 1 | |
| Lesser Clarity Potion | 2 | |
| Ivory Tower | 3 | |
| Scroll of Town Portal | 1 | |
12 total
refereesMata.,
Breaktheface Chat log
(00:10 / All) Mata.: i think having only one expansion is a little imba vs
(00:13 / All) Mata.: undead
(00:16 / All) Mata.: but that's just good
(00:20 / All) TIMG4strok: its so hard to expand on this map
(00:21 / All) TIMG4strok: as undead
(00:22 / Referees) Mata.: holy shit, i didnt know schmitty was a noob
(00:27 / All) Mata.: yeah ud needs like a 4 player map
(00:31 / Referees) Breaktheface: damn you build hella fast
(00:32 / All) Mata.: mloop droop mannerlaggin´
(00:40 / Referees) Mata.: schmitty
(00:44 / Referees) Mata.: is playing terrible imho
(00:49 / Referees) Mata.: dunno what the fuck build order that is
(00:54 / Referees) Mata.: 4 on gold
(01:03 / All) TIMG4strok: damn
(01:04 / Referees) Breaktheface: lol
(01:06 / All) TIMG4strok: my burrow was l8
(01:08 / All) Mata.: learn some build orders noob9800
(01:16 / All) Mata.: i thought you played this game a lot
(01:39 / Referees) Mata.: haha tower goes up @_____@
(01:51 / Referees) Breaktheface: it begins
(01:59 / Referees) Mata.: do you play a lo t?
(02:05 / Referees) Breaktheface: I play everyday
(02:05 / All) TIMG4strok: obs should be able to see what we select
(02:09 / Referees) Breaktheface: but I only play customs
(02:10 / All) TIMG4strok: i think sc2 gonna have that. or it should
(02:11 / Referees) Mata.: word??? apm?
(02:14 / Referees) Mata.: oh ok
(02:17 / Referees) Breaktheface: haha this is my first game in 3 years of a regular
(02:21 / All) Mata.: it looks like sc2 has that in the battle reports
(02:30 / All) Mata.: and also shows individual clicks
(02:37 / All) TIMG4strok: nice
(02:41 / All) schmitty9800: apm stats?
(02:43 / All) Mata.: there was a hack for sc once that let you save first person replays which was sweet as hell
(02:55 / All) Mata.: gave you a headache with pro replays though obviously
(03:13 / All) Mata.: but it recorded mouse and screen position like 20 times a second
(03:43 / All) Breaktheface: I just watch the koreans play live
(03:54 / Referees) Mata.: yeah
(05:28 / Referees) Mata.: spirit lodge but no beastiary @@
(05:31 / Referees) Mata.: he's just waiting on gold i guess.
(05:43 / Referees) Breaktheface: interesting
(06:00 / Referees) Breaktheface: beast goin up now
(06:03 / Referees) Mata.: schmitty needs to place caster houses
(06:14 / Referees) Mata.: before it's too late!!!
(06:21 / Referees) Breaktheface: he jacked his vault
(06:21 / Referees) Mata.: he has enough money
(06:21 / Referees) Breaktheface: hard
(06:26 / Referees) Mata.: dont need that for arc sanct
(06:29 / Referees) Mata.: there w ego
(06:35 / Referees) Mata.: timg is gonna cancel it though
(06:40 / Referees) Mata.: hmm no
(06:42 / Referees) Mata.: he shoulda but i guess not
(07:08 / Referees) Breaktheface: junglin
(07:19 / Referees) Mata.: ..
(07:34 / Referees) Mata.: teching dispel
(07:36 / Referees) Mata.: well dench
(07:48 / Referees) Mata.: haha sorc adept training?????? why
(07:52 / Referees) Mata.: schmitty really wants that invis out fast
(07:53 / Referees) Breaktheface: lol
(08:05 / Referees) Mata.: hate how
(08:08 / Referees) Mata.: timg doesnt have hp bars always on
(08:33 / Referees) Breaktheface: I justhold in alt
(08:36 / Referees) Mata.: yes
(08:40 / Referees) Mata.: that's the noob way to do it
(08:51 / Referees) Mata.: i dunno if it's habit i understand but
(08:57 / Referees) Mata.: it's a bad habit
(09:00 / Referees) Mata.: that you should really unlearn
(09:07 / Referees) Breaktheface: interesting
(09:12 / Referees) Breaktheface: it restricts my view though
(09:15 / Referees) Mata.: really ?
(09:22 / Referees) Mata.: of what ?
(09:30 / Referees) Breaktheface: honestly I cant deal with all the little green lines
(09:36 / Referees) Breaktheface: I like the cleanliness of it all
(09:36 / Referees) Mata.: that's really all the information you need though
(09:46 / Referees) Mata.: like
(09:51 / Referees) Mata.: the hp bars are the most important information
(09:53 / Referees) Mata.: the rest you can do without
(10:12 / Referees) Breaktheface: oops
(10:16 / All) Mata.: :o
(10:19 / Referees) Breaktheface: there goes alt again haha
(10:21 / All) Mata.: hmmmm am i out?
(10:23 / All) Mata.: looks not
(10:43 / Referees) Mata.: hmm level 3 am
(10:43 / Referees) Mata.: now
(10:55 / Referees) Mata.: no tp
(11:01 / Referees) Breaktheface: he might be fucked
(11:07 / Referees) Mata.: with that ensnare yes
(11:11 / Referees) Mata.: haha
(11:16 / Referees) Mata.: lets see some pro invis micro
(11:35 / Referees) Mata.: boom
(11:39 / Referees) Mata.: hahaa
(11:42 / Referees) Breaktheface: o damn
(11:53 / Referees) Mata.: that mk has so much mana
(11:55 / Referees) Mata.: had
(12:05 / Referees) Mata.: timg needs better smartcow micro
(12:06 / Referees) Mata.: there we go
(12:15 / Referees) Mata.: yeah this is gg
(12:43 / Referees) Mata.: 28 food vs 50
(12:45 / Referees) Mata.: '
(12:59 / Referees) Breaktheface: not lookin good
(13:18 / Referees) Mata.: damn level 4 sh
(13:21 / Referees) Mata.: and his blade is what, 2
(13:27 / Referees) Breaktheface: yep
(13:33 / Referees) Mata.: he really needs more salve @@
(13:50 / Referees) Mata.: well schmitty is almost up at equal food
(14:05 / Referees) Breaktheface: ya hes catchin up
(14:10 / Referees) Mata.: timg doesnt have the balls to go upkeep
(14:29 / Referees) Mata.: it's safer this way though i admit.
(15:11 / Referees) Mata.: 3 ivories
(15:12 / Referees) Mata.: on those heroes...
(15:20 / Referees) Mata.: did he block his town hall zz
(15:27 / Referees) Mata.: he did, didnt he ?
(15:37 / Referees) Breaktheface: lol
(15:42 / Referees) Mata.: has to kill that arcane
(15:47 / Referees) Mata.: l
(15:49 / Referees) Mata.: m
(15:49 / Referees) Mata.: a
(15:50 / Referees) Mata.: o
(15:50 / Referees) Mata.: ?
(16:01 / Referees) Breaktheface: haha dont fag me!
(16:27 / Referees) Mata.: that town hall is like 2 squares away
(16:28 / Referees) Mata.: from normal spot
(16:47 / Referees) Mata.: would take like 10 workers for that to work
(17:19 / Referees) Breaktheface: lol
(17:32 / Referees) Mata.: sweet... timg has pillage
(17:39 / Referees) Mata.: look at those resources tick up
(17:56 / Referees) Mata.: ggggg
(17:58 / Referees) Breaktheface: bm jacked him
(18:03 / Referees) Mata.: 5 sh
(18:12 / Referees) Mata.: +24 damage on that blade heh
(18:26 / Referees) Breaktheface: haha
(18:32 / All) Mata.: gg!
(18:35 / All) schmitty9800: gg
(18:37 / All) Mata.: you built your fucking expansion wrong bro!